 Dungeon Crawl Stone Soup version 0.32-a0-351-gc6a9d31 (webtiles) character file.

Game seed: 6305767583561875137

913 Nithhogg the Covered (level 7, 0/44 (62) HPs)
             Began as a Mountain Dwarf Fighter on Feb 17, 2024.
             Was a Follower of Qazlal.
             Slain by a kobold brigand
             ... wielding a +3 dagger of draining
              (3 damage)
             ... on level 5 of the Dungeon.
             The game lasted 00:08:09 (3811 turns).

Nithhogg the Covered (Mountain Dwarf Fighter)       Turns: 3811, Time: 00:08:09

HP:   0/44 (62)     AC:  8    Str: 21    XL:     7   Next: 82%
MP:   11/11         EV:  9    Int:  8    God:    Qazlal [*.....]
Gold: 238           SH:  1    Dex:  9    Spells: 6/6 levels left

rFire   . . .        p - +0 battleaxe
rCold   . . .        (shield currently unavailable)
rNeg    . . .        b - +1 scale mail
rPois   .            (no helmet)
rElec   .            (no cloak)
rCorr   .            (no gloves)
SInv    .            (no boots)
Will    .....        (no amulet) Stlth
                     (no ring)
HPRegen 0.27/turn    (no ring)
MPRegen 0.12/turn

%: clarity
@: slowed, very heavily drained, very slow
A: runic magic, artefact enchanting, talons 1, clarity
a: Renounce Religion


You were on level 5 of the Dungeon.
You worshipped Qazlal.
Qazlal was aware of your devotion.
You visited 1 branch of the dungeon, and saw 5 of its levels.

You collected 238 gold pieces.

Inventory:

Hand Weapons
 a - a +0 war axe
 d - a +1 whip of electrocution
 p - a +0 battleaxe (weapon)
 r - a +2 flail of holy wrath
 s - a +0 spear of venom
Armour
 b - a +1 scale mail (worn)
 c - a +0 buckler
 i - a scarf of harm
 l - a +2 kite shield
Wands
 f - a wand of iceblast (19)
Scrolls
 g - 2 scrolls of torment
 h - a scroll of vulnerability
 j - a scroll of amnesia
 k - 2 scrolls of immolation
 m - a scroll of poison
Potions
 n - a potion of haste {unknown}
 o - a potion of degeneration {unknown}
 q - a potion of mutation
 t - a potion of brilliance {unknown}
 u - 2 potions of enlightenment {unknown}


   Skills:
 + Level 5.8 Fighting
 + Level 5.8 Axes
 + Level 5.9 Armour
 - Level 3.2 Shields
 + Level 5.6 Invocations


You had 6 spell levels left.
You didn't know any spells.
Your spell library contained the following spells:

 Spells                   Type           Power      Damage    Failure   Level
 Hailstorm                Conj/Ice       0%         3d5       85%         3
 Summon Ice Beast         Ice/Summ       0%         N/A       85%         3
 Sculpt Simulacrum        Ice/Alch       0%         N/A       100%        6


Dungeon Overview and Level Annotations

Branches:
Dungeon (5/15)             Temple (0/1) D:5

Altars:
Makhleb
Qazlal

Annotations:
D:4 1 runed translucent door, ooops's ghost, amateur DsSh


Innate Abilities, Weirdness & Mutations

Your spellcasting is much less encumbered by armour.
You can use scrolls of enchantment on lesser artefacts.
You have sharp toenails.
You possess an exceptional clarity of mind.


Message History

The kobold brigand hits you with a +0 dagger of draining.
You feel drained. The kobold brigand closely misses you.
The kobold brigand hits you but does no damage.
You feel drained. The kobold hits you with a +0 club.
You closely miss the kobold brigand.
The kobold brigand is severely wounded.
You completely miss the kobold brigand. You slash the kobold!
You kill the kobold!
Qazlal accepts your kill.
The kobold brigand hits you with a +0 dagger of draining.
You feel drained.
The kobold brigand hits you with a +3 dagger of draining.
You feel drained.
The kobold brigand hits you but does no damage.
You feel drained. You block the kobold brigand's attack.
You closely miss the kobold brigand.
The kobold brigand is severely wounded.
You closely miss the kobold brigand.
The kobold brigand hits you with a +3 dagger of draining.
You feel drained. The kobold brigand closely misses you.
The kobold brigand hits you but does no damage.
You feel drained. The kobold brigand closely misses you.
You closely miss the kobold brigand.
The kobold brigand is severely wounded.
You closely miss the kobold brigand.
The kobold brigand hits you with a +3 dagger of draining.
* * * LOW HITPOINT WARNING * * *
You feel drained.
* * * LOW HITPOINT WARNING * * *
The kobold brigand hits you with a +0 dagger of draining.
* * * LOW HITPOINT WARNING * * *
You feel drained. The kobold brigand barely misses you.
The kobold brigand hits you with a +3 dagger of draining.
* * * LOW HITPOINT WARNING * * *
You feel drained.
* * * LOW HITPOINT WARNING * * *
It was a potion of mutation.
You feel extremely strange.
Your toenails lengthen and sharpen.
Your thoughts seem clearer.
The kobold brigand hits you with a +3 dagger of draining.
You die...

#..##~..............
##..# ..............
#..##..............
#..##..............
##
#..##..............
#~~ #..## #~~≈##..#
#~~~≈#..# ..~~≈##@K#
..~~ #K§## ..# #..#
. ..## .## #.. ...
#(: ... #(( ... ###
... ...


You could see 2 kobold brigands.

Vanquished Creatures
  Pikel (D:5)
  A scorpion (D:5)
  2 howler monkeys
  A bombardier beetle (D:5)
  A hound (D:5)
  Ijyb (D:4)
  An orc wizard (D:3)
  4 adders
  A ribbon worm (D:2)
  3 dart slugs
  11 orcs
  4 ball pythons
  5 endoplasms
  4 giant cockroaches
  9 goblins
  12 hobgoblins
  8 jackals
  7 quokkas
  4 bats
  8 frilled lizards
  14 kobolds
  4 rats
106 creatures vanquished.

Notes
Turn   | Place    | Note
-------+----------+-------------------------------------------
     0 | D:1      | Nithhogg the Mountain Dwarf Fighter began the quest for the
                  | Orb.
     0 | D:1      | Reached XP level 1. HP: 19/19 MP: 1/1
    93 | D:1      | Reached skill level 1 in Invocations
    93 | D:1      | Reached XP level 2. HP: 25/26 MP: 2/2
   505 | D:1      | Reached XP level 3. HP: 31/31 MP: 4/4
   984 | D:2      | Reached XP level 4. HP: 40/40 MP: 5/5
  1497 | D:3      | Reached XP level 5. HP: 45/46 MP: 7/7
  2127 | D:4      | Found a stormy altar of Qazlal.
  2201 | D:4      | Became a worshipper of Qazlal Stormbringer
  2618 | D:4      | Found a burning altar of Makhleb.
  2837 | D:4      | Reached XP level 6. HP: 53/53 MP: 8/8
  2864 | D:4      | Found a runed translucent door.
  2867 | D:4      | Noticed ooops's ghost (amateur DsSh)
  3029 | D:4      | Noticed Ijyb
  3038 | D:4      | Killed Ijyb
  3060 | D:5      | Entered Level 5 of the Dungeon
  3123 | D:5      | Noticed Pikel
  3234 | D:5      | Killed Pikel
  3235 | D:5      | Reached skill level 5 in Fighting
  3235 | D:5      | Reached skill level 5 in Axes
  3235 | D:5      | Reached skill level 5 in Armour
  3235 | D:5      | Reached skill level 5 in Invocations
  3235 | D:5      | Reached XP level 7. HP: 42/62 MP: 9/11
  3667 | D:5      | Found a staircase to the Ecumenical Temple.
  3774 | D:5      | Reached * piety under Qazlal
  3810 | D:5      | HP: 2/44 [kobold brigand/+3 dagger of draining (1)]
  3811 | D:5      | Gained mutation: You have sharp toenails. [potion of
                  | mutation]
  3811 | D:5      | Gained mutation: You possess an exceptional clarity of
                  | mind. [potion of mutation]
  3811 | D:5      | Slain by a kobold brigand

Illustrated notes

Levels and vault maps discovered:
D:1:      enne_arrival_octagon_isle, layout_loops_ring, chequers_jeans
D:2:      layout_rooms, eino_curves_02, chequers_serial_rivers_micro_d,
          due_unseen_surprise
D:3:      layout_loops_ring
D:4:      layout_cave_pools, kennysheep_little_box, lemuel_doored_altar,
          ebering_ghost_reflecting_pool, uniq_ijyb
D:5:      cheibrodos_thug_alley, layout_basic, temple_green,
          saegor_snake_ambush, uniq_pikel

Skill      XL: |  1  2  3  4  5  6 |
---------------+-------------------+-----
Invocations    | 1 2 3 5 |  5.6
Axes           | 3 4 5 |  5.8
Armour         | 4 5 |  5.9
Fighting       | 4 5 |  5.8
Shields        | |  3.2

Action                     |  1- 3 |  4- 6 |  7- 9 || total
---------------------------+-------+-------+-------++-------
  Melee: War axe           |   104 |    70 |       ||   174
         Battleaxe         |       |   120 |    35 ||   155
    Use: Scroll            |       |     9 |       ||     9
         Potion            |       |     3 |     1 ||     4
 Armour: Scale mail        |    87 |   211 |    48 ||   346
  Dodge: Dodged            |    63 |   121 |    29 ||   213
  Block: Buckler           |     3 |       |       ||     3
         Other             |       |       |     3 ||     3

Table legend: (Time is in decaauts)
 A = Elapsed time spent in this place.
 B = Non-inter-level travel time spent in this place.
 C = Inter-level travel time spent in this place.
 D = Time resting spent in this place.
 E = Time spent auto-exploring this place.
 F = Levels seen in this place.
 G = Mean time per level.
                   A        B        C        D        E       F      G
               +--------+--------+--------+--------+--------+-----+--------+
         Total |   3949 |   3832 |    117 |    404 |   2539 |   5 |  789.8 |
       Dungeon |   3949 |   3832 |    117 |    404 |   2539 |   5 |  789.8 |
               +--------+--------+--------+--------+--------+-----+--------+

Top non-repeatable levels by time:
     D:3: 1112 daAuts
     D:4: 981 daAuts
     D:1: 699 daAuts
     D:5: 688 daAuts
     D:2: 467 daAuts
